Map: Moonlight Madness LE (Void)

Players

Nerchio - Winner!

  • Race: Zerg Zerg
  • League: Diamond

neuro

  • Race: Zerg Zerg
  • League: Master

Event: Lycan League Weekly August #1

VOD

Have the link to the VOD?

Description

Time

  • Played on: Aug. 3, 2015, 12:30 p.m.
  • Length: 6:36

All games in this series

Show
View Real Time Build Order
Export as new Build Order

Nerchio Zerg - Winner!

Build Orders: Hatch First, Zergling Baneling 

Get SALT Encoding   

  12  0:01  Drone  
  13  0:12  Overlord  
  13  0:18  Drone  
  14  0:31  Drone x2  
  14  0:34  Drone  
  17  0:54  Hatchery  
  17  0:55  Drone  
  17  1:02  Drone  
  17  1:03  Extractor  
  17  1:14  Spawning Pool  
  17  1:17  Drone  
  17  1:20  Drone  
  18  1:28  Drone  
  19  1:38  Overlord  
  19  1:50  Drone  
  20  2:01  Zergling x2, Queen  
  22  2:02  Metabolic Boost  
  22  2:05  Queen  
  25  2:09  Drone  
  25  2:11  Drone  
  27  2:17  Drone  
  27  2:22  Drone  
  29  2:26  Baneling Nest  
  29  2:28  Drone  
  29  2:35  Drone  
  30  2:41  Queen  
  30  2:42  Drone  
  33  2:47  Overlord  
  33  3:11  Zergling x18  
  42  3:14  Overlord  
  42  3:15  Drone  
  42  3:16  Drone  
  42  3:19  Baneling x2  
  44  3:33  Evolution Chamber  
  44  3:34  Extractor  
  42  3:36  Drone x2  
  42  3:37  Drone x3  
  47  3:42  Drone  
  47  3:43  Overlord  
  47  3:44  Drone  
  47  3:45  Drone  
  50  3:49  Drone  
  50  3:53  Drone x2  
  51  4:00  Drone  
  51  4:01  Overlord  
  51  4:04  Zerg Ground Armor Level 1  
  51  4:08  Baneling x2  
  51  4:10  Zergling x4  
  51  4:12  Zergling x2  
  51  4:15  Baneling  
  51  4:16  Zergling x4  
  56  4:20  Extractor  
  56  4:21  Zergling x2  
  55  4:25  Zergling x6  
  55  4:30  Overlord  
  55  4:36  Drone  
  55  4:37  Drone  
  55  4:38  Drone x2  
  57  4:47  Baneling x8  
  57  4:56  Zergling x4  
  57  4:57  Zergling x2  
  57  4:58  Hatchery  
  57  4:59  Drone  
  60  5:01  Drone  
  60  5:03  Drone  
  62  5:07  Zergling x2  
  62  5:13  Zergling x4  
  62  5:14  Zergling x4  
  65  5:20  Roach Warren  
  63  5:23  Zergling x6  
  63  5:24  Zergling x4  
  66  5:38  Zergling x12  
  71  5:48  Queen, Zergling x4  
  73  5:53  Zergling x8  
Show
View Real Time Build Order
Export as new Build Order

neuro Zerg 

Build Orders: Hatch First 

Get SALT Encoding   

  12  0:01  Drone  
  13  0:13  Overlord  
  13  0:18  Drone  
  14  0:31  Drone x2  
  16  0:36  Drone  
  17  0:53  Hatchery  
  17  0:56  Drone  
  17  0:59  Drone  
  18  1:12  Spawning Pool  
  18  1:14  Drone  
  18  1:18  Drone  
  19  1:27  Extractor  
  19  1:29  Drone  
  19  1:42  Drone  
  20  1:52  Drone  
  22  2:01  Drone  
  22  2:04  Queen  
  22  2:05  Queen  
  26  2:09  Zergling x2  
  27  2:17  Drone  
  27  2:22  Drone, Spine Crawler  
  28  2:28  Metabolic Boost  
  28  2:34  Overlord  
  28  2:46  Hatchery  
  28  2:49  Drone  
  28  2:52  Overlord  
  27  3:00  Drone x4  
  27  3:05  Lair  
  31  3:11  Drone  
  32  3:15  Drone x2  
  32  3:16  Drone  
  32  3:17  Drone  
  36  3:20  Drone  
  36  3:21  Drone  
  36  3:26  Drone x2  
  40  3:28  Drone  
  41  3:40  Spine Crawler  
  41  3:41  Zergling x6  
  43  3:44  Overlord  
  38  3:58  Drone x6  
  42  4:10  Drone x4, Extractor  
  42  4:11  Extractor  
  42  4:14  Extractor  
  44  4:21  Drone x2  
  44  4:22  Drone x2  
  47  4:28  Drone x5  
  50  4:32  Zergling x4  
  46  4:47  Spire  
  45  4:58  Drone x6  
  51  5:11  Zergling x6  
  54  5:19  Zergling x6  
  51  5:23  Zergling x10  
  44  5:32  Drone x5  
  39  5:43  Drone x3  
  39  5:44  Drone  
  40  5:50  Drone x2  
  36  6:01  Mutalisk  
  37  6:08  Drone x2  

Tags
 
Add a new tag
Caveats
  • Supply blocks, unpowered buildings, or Contaminate may cause inaccurate times.
  • Supply counts are checked every 10 seconds.